| TOP OF THE 1ST |
|
Dayton Dragons batting - Pitching for South Bend Cubs : RHP Daniel Sullivan
|
|
Pitching: RHP Daniel Sullivan
|
|
|
Batting: LHB Nick Nino
|
0-0: Ball 1-0: Called Strike 1-1: Reached on error, E6 (Groundball, 6, EV 98.1 MPH)
|
|
Batting: LHB Leo Gomez
|
0-0: Called Strike 0-1: Called Strike Nick Nino steals 2nd base 0-2: Ground out 4-3 (Groundball, 4, EV 101.9 MPH) Nick Nino to third
|
|
Batting: SHB Kristian Kristensen
|
0-0: Ball 1-0: Swinging Strike 1-1: Ball 2-1: Reached on error, E6 (Groundball, 6M, EV 88.1 MPH) Nick Nino scores
|
|
Batting: LHB Chris Grunwald
|
0-0: Ball 1-0: Ball 2-0: Ball 3-0: Called Strike 3-1: Foul Ball, location: 2F 3-2: Fielders Choice at 2nd, 6-4 (Groundball, 6, EV 85.0 MPH)
|
|
Batting: RHB Bruno André
|
0-0: Ball 1-0: Called Strike 1-1: Ball 2-1: Ball 3-1: Base on Balls Chris Grunwald to second
|
|
Batting: RHB Mark Williams
|
0-0: Ball 1-0: SINGLE (Groundball, 15S, EV 64.4 MPH) (infield hit) Chris Grunwald to third Bruno André to second
|
|
Batting: RHB Ben Hinman
|
0-0: Ball 1-0: Swinging Strike 1-1: Foul Ball, location: 2F 1-2: Ball 2-2: Strikes out swinging wild pitch, reaches first! Chris Grunwald scores Bruno André to third Mark Williams to second
|
|
Batting: RHB Pat Grover
|
0-0: Fly out, F8 (Flyball, 8RS, EV 89.4 MPH)
|
| Top of the 1st over - 2 runs, 1 hit, 2 errors, 3 left on base; Dayton 2 - South Bend 0 |
| BOTTOM OF THE 1ST |
|
South Bend Cubs batting - Pitching for Dayton Dragons : RHP Roberto Cortez
|
|
Pitching: RHP Roberto Cortez
|
|
|
Batting: RHB Jason Ostrom
|
0-0: Called Strike 0-1: Called Strike 0-2: Ball 1-2: Strikes out swinging
|
|
Batting: LHB Bill Tardiff
|
0-0: Called Strike 0-1: Called Strike 0-2: Strikes out swinging
|
|
Batting: RHB Mike Savage
|
0-0: Swinging Strike 0-1: Called Strike 0-2: Foul Ball, location: 2F 0-2: Foul Ball, location: 2F 0-2: Ball 1-2: Ball 2-2: Foul Ball, location: 2F 2-2: Ball 3-2: Foul Ball, location: 2F 3-2: Ground out 6-3 (Groundball, 6S, EV 83.1 MPH)
|
| Bottom of the 1st over - 0 runs, 0 hits, 0 errors, 0 left on base; Dayton 2 - South Bend 0 |
| TOP OF THE 2ND |
|
Dayton Dragons batting - Pitching for South Bend Cubs : RHP Daniel Sullivan
|
|
Batting: RHB Frank Moron
|
0-0: Called Strike 0-1: Ball 1-1: Called Strike 1-2: Foul Ball, location: 2F 1-2: Ball 2-2: Foul Ball, location: 2F 2-2: Strikes out looking
|
|
Batting: LHB Nick Nino
|
0-0: Ball 1-0: Foul Ball, location: 2F 1-1: Ball 2-1: Ball 3-1: Called Strike 3-2: Foul Ball, location: 2F 3-2: Strikes out swinging
|
|
Batting: LHB Leo Gomez
|
0-0: Called Strike 0-1: Ground out 6-3 (Groundball, 6, EV 103.1 MPH)
|
| Top of the 2nd over - 0 runs, 0 hits, 0 errors, 0 left on base; Dayton 2 - South Bend 0 |
| BOTTOM OF THE 2ND |
|
South Bend Cubs batting - Pitching for Dayton Dragons : RHP Roberto Cortez
|
|
Batting: LHB Mike DiNardo
|
0-0: Called Strike 0-1: Swinging Strike 0-2: Foul Ball, location: 2F 0-2: Ball 1-2: Ball 2-2: Strikes out swinging
|
|
Batting: SHB Benoît Morin
|
0-0: Ball 1-0: Ball 2-0: Called Strike 2-1: Foul Ball, location: 2F 2-2: Ball 3-2: Base on Balls
|
|
Batting: LHB Jim Polson
|
0-0: Ball Benoît Morin steals 2nd base (no throw) 1-0: Ball 2-0: Ball 3-0: Called Strike 3-1: Foul Ball, location: 2F 3-2: Foul Ball, location: 2F 3-2: DOUBLE (Groundball, 5L, EV 103.1 MPH) Benoît Morin scores
|
|
Batting: RHB Omar Novoa
|
0-0: Ball 1-0: Called Strike 1-1: Called Strike 1-2: Ball 2-2: Ground out 6-3 (Groundball, 6M, EV 104.4 MPH) Jim Polson to third
|
|
Batting: RHB John Madden
|
0-0: Called Strike 0-1: Fly out, F9 (Flyball, 89M, EV 93.1 MPH)
|
| Bottom of the 2nd over - 1 run, 1 hit, 0 errors, 1 left on base; Dayton 2 - South Bend 1 |
| TOP OF THE 3RD |
|
Dayton Dragons batting - Pitching for South Bend Cubs : RHP Daniel Sullivan
|
|
Batting: SHB Kristian Kristensen
|
0-0: Ball 1-0: Foul Ball, location: 2F 1-1: Ball 2-1: SINGLE (Flyball, 3D, EV 98.8 MPH)
|
|
Batting: LHB Chris Grunwald
|
0-0: Foul Ball, location: 2F 0-1: Ball Passed Ball! Kristian Kristensen to second 1-1: Ball 2-1: Foul Ball, location: 2F 2-2: Foul Ball, location: 2F 2-2: 2-RUN HOME RUN (Flyball, 7LD, EV 98.1 MPH), Distance : 369 ft
|
|
Batting: RHB Bruno André
|
0-0: Ball 1-0: Ball 2-0: Foul Ball, location: 2F 2-1: SINGLE (Flyball, 56D, EV 84.4 MPH)
|
|
Batting: RHB Mark Williams
|
0-0: SINGLE (Groundball, 6MS, EV 66.3 MPH) (infield hit) Bruno André to second
|
|
Batting: RHB Ben Hinman
|
0-0: SINGLE (Line Drive, 4M, EV 95.0 MPH) Bruno André to third Mark Williams to second
|
|
Batting: RHB Pat Grover
|
0-0: Ball 1-0: Grounds into double play, 6-4-3 (Groundball, 6, EV 84.4 MPH) Bruno André scores Mark Williams to third
|
|
Batting: RHB Frank Moron
|
0-0: Ball 1-0: Ball 2-0: Called Strike 2-1: Ball 3-1: Base on Balls
|
|
Batting: LHB Nick Nino
|
0-0: Ball 1-0: Ball 2-0: Ball 3-0: Called Strike 3-1: Base on Balls Frank Moron to second
|
|
Batting: LHB Leo Gomez
|
0-0: SINGLE (Groundball, 56, EV 94.4 MPH) Mark Williams scores Frank Moron to third Nick Nino to second Runner from 3rd tries for Home, SAFE, throw by LF to home
|
|
Pitching: RHP Jason Scott
|
|
|
Batting: SHB Kristian Kristensen
|
0-0: Ball 1-0: Swinging Strike 1-1: Ball 2-1: Ball 3-1: DOUBLE (Line Drive, 7LD, EV 108.8 MPH) Nick Nino scores Leo Gomez to third
|
|
Batting: LHB Chris Grunwald
|
0-0: Ball Wild Pitch! Leo Gomez scores Kristian Kristensen to third 1-0: Ball 2-0: Called Strike 2-1: Foul Ball, location: 2F 2-2: Foul Ball, location: 2F 2-2: Strikes out looking
|
| Top of the 3rd over - 7 runs, 7 hits, 0 errors, 1 left on base; Dayton 9 - South Bend 1 |
| BOTTOM OF THE 3RD |
|
South Bend Cubs batting - Pitching for Dayton Dragons : RHP Roberto Cortez
|
|
Batting: SHB Alvaro Andrade
|
0-0: Called Strike 0-1: Ball 1-1: Foul Ball, location: 2F 1-2: Foul Ball, location: 2F 1-2: Foul Ball, location: 2F 1-2: Strikes out looking
|
|
Batting: RHB Jason Ostrom
|
0-0: Ball 1-0: SINGLE (Groundball, 56S, EV 66.3 MPH) (infield hit)
|
|
Batting: LHB Bill Tardiff
|
0-0: Ball Jason Ostrom steals 2nd base 1-0: Ground out 4-3 (Groundball, 4, EV 85.6 MPH) Jason Ostrom to third
|
|
Batting: RHB Mike Savage
|
0-0: Ball 1-0: Ball 2-0: Ball 3-0: Called Strike 3-1: Foul Ball, location: 2F 3-2: Ground out 1-3 (Groundball, 25, EV 70.0 MPH)
|
| Bottom of the 3rd over - 0 runs, 1 hit, 0 errors, 1 left on base; Dayton 9 - South Bend 1 |
| TOP OF THE 4TH |
|
Dayton Dragons batting - Pitching for South Bend Cubs : RHP Jason Scott
|
|
Batting: RHB Bruno André
|
0-0: Foul Ball, location: 2F 0-1: Ball 1-1: Fly out, F8 (Flyball, 89XD, EV 108.1 MPH)
|
|
Batting: RHB Mark Williams
|
0-0: Ball 1-0: Ball 2-0: Called Strike 2-1: Called Strike 2-2: Foul Ball, location: 2F 2-2: Strikes out swinging
|
|
Batting: RHB Ben Hinman
|
0-0: Ball 1-0: Foul Ball, location: 2F 1-1: Foul Ball, location: 2F 1-2: Ball 2-2: Fly out, F8 (Line Drive, 8RM, EV 94.4 MPH)
|
| Top of the 4th over - 0 runs, 0 hits, 0 errors, 0 left on base; Dayton 9 - South Bend 1 |
| BOTTOM OF THE 4TH |
|
South Bend Cubs batting - Pitching for Dayton Dragons : RHP Roberto Cortez
|
|
Batting: LHB Mike DiNardo
|
0-0: Called Strike 0-1: Foul Ball, location: 2F 0-2: Ball 1-2: Strikes out swinging
|
|
Batting: SHB Benoît Morin
|
0-0: Ground out 6-3 (Groundball, 6, EV 83.8 MPH)
|
|
Batting: LHB Jim Polson
|
0-0: Called Strike 0-1: Ball 1-1: DOUBLE (Groundball, 5L, EV 105.6 MPH)
|
|
Batting: RHB Omar Novoa
|
0-0: Swinging Strike 0-1: Ball 1-1: Foul Ball, location: 2F 1-2: Foul Ball, location: 2F 1-2: Foul Ball, location: 2F 1-2: Ground out 5-3 (Groundball, 5L, EV 96.9 MPH)
|
| Bottom of the 4th over - 0 runs, 1 hit, 0 errors, 1 left on base; Dayton 9 - South Bend 1 |
| TOP OF THE 5TH |
|
Dayton Dragons batting - Pitching for South Bend Cubs : RHP Jason Scott
|
|
Batting: RHB Pat Grover
|
0-0: Foul Ball, location: 2F 0-1: Swinging Strike 0-2: Ball 1-2: Ball 2-2: Foul Ball, location: 2F 2-2: Strikes out swinging
|
|
Batting: RHB Frank Moron
|
0-0: Called Strike 0-1: Ball 1-1: Foul Ball, location: 2F 1-2: Strikes out swinging
|
|
Batting: LHB Nick Nino
|
0-0: Ball 1-0: Ground out 5-3 (Groundball, 5, EV 81.3 MPH)
|
| Top of the 5th over - 0 runs, 0 hits, 0 errors, 0 left on base; Dayton 9 - South Bend 1 |
| BOTTOM OF THE 5TH |
|
South Bend Cubs batting - Pitching for Dayton Dragons : RHP Roberto Cortez
|
|
Batting: RHB John Madden
|
0-0: Ball 1-0: Called Strike 1-1: Called Strike 1-2: Ball 2-2: Ball 3-2: Strikes out swinging
|
|
Batting: SHB Alvaro Andrade
|
0-0: Foul Ball, location: 2F 0-1: Foul Ball, location: 2F 0-2: Foul Ball, location: 2F 0-2: Foul Ball, location: 2F 0-2: Ball 1-2: Strikes out looking
|
|
Batting: RHB Jason Ostrom
|
0-0: Swinging Strike 0-1: Ball 1-1: TRIPLE (Flyball, 89XD, EV 108.1 MPH)
|
|
Batting: LHB Bill Tardiff
|
0-0: Ball 1-0: Ball 2-0: Ball 3-0: Called Strike 3-1: Foul Ball, location: 2F 3-2: Base on Balls
|
|
Batting: RHB Mike Savage
|
0-0: Ball 1-0: Foul Ball, location: 2F 1-1: Fly out, F7 (Flyball, 7, EV 86.9 MPH)
|
| Bottom of the 5th over - 0 runs, 1 hit, 0 errors, 2 left on base; Dayton 9 - South Bend 1 |
| TOP OF THE 6TH |
|
Dayton Dragons batting - Pitching for South Bend Cubs : RHP Jason Scott
|
|
Batting: LHB Leo Gomez
|
0-0: Ball 1-0: Foul Ball, location: 2F 1-1: Swinging Strike 1-2: Ball 2-2: Ball 3-2: Strikes out swinging
|
|
Pitching: RHP Devin Ward
|
|
|
Batting: SHB Kristian Kristensen
|
0-0: Ball 1-0: Ground out 4-3 (Groundball, 4, EV 81.9 MPH)
|
|
Batting: LHB Chris Grunwald
|
0-0: Called Strike 0-1: SINGLE (Groundball, 6MD, EV 102.5 MPH)
|
|
Batting: RHB Bruno André
|
0-0: Called Strike 0-1: Ball 1-1: Ball 2-1: Foul Ball, location: 2F 2-2: Ball 3-2: Foul Ball, location: 2F 3-2: Fly out, F8 (Flyball, 8RD, EV 96.3 MPH)
|
| Top of the 6th over - 0 runs, 1 hit, 0 errors, 1 left on base; Dayton 9 - South Bend 1 |
| BOTTOM OF THE 6TH |
|
South Bend Cubs batting - Pitching for Dayton Dragons : RHP Roberto Cortez
|
|
Pitching: LHP Tim Ketcham
|
|
|
Batting: LHB Mike DiNardo
|
0-0: Called Strike 0-1: Ball 1-1: Ball 2-1: Swinging Strike 2-2: SOLO HOME RUN (Flyball, 9D, EV 104.4 MPH), Distance : 400 ft
|
|
Batting: SHB Benoît Morin
|
0-0: Ball 1-0: Ground out 6-3 (Groundball, 4M, EV 103.8 MPH)
|
|
Batting: LHB Jim Polson
|
0-0: Ball 1-0: Called Strike 1-1: Foul Ball, location: 2F 1-2: Foul Ball, location: 2F 1-2: Strikes out swinging
|
|
Batting: RHB Omar Novoa
|
0-0: Foul Ball, location: 2F 0-1: Fly out, F5 (Popup, 5SF, EV 85.6 MPH)
|
| Bottom of the 6th over - 1 run, 1 hit, 0 errors, 0 left on base; Dayton 9 - South Bend 2 |
| TOP OF THE 7TH |
|
Dayton Dragons batting - Pitching for South Bend Cubs : RHP Devin Ward
|
|
Batting: RHB Mark Williams
|
0-0: Called Strike 0-1: Ground out U3 (Groundball, 34, EV 89.4 MPH)
|
|
Batting: RHB Ben Hinman
|
0-0: Ball 1-0: Swinging Strike 1-1: Ground out 5-3 (Groundball, 56, EV 78.8 MPH)
|
|
Batting: RHB Pat Grover
|
0-0: Ball 1-0: Called Strike 1-1: Foul Ball, location: 2F 1-2: Strikes out looking
|
| Top of the 7th over - 0 runs, 0 hits, 0 errors, 0 left on base; Dayton 9 - South Bend 2 |
| BOTTOM OF THE 7TH |
|
South Bend Cubs batting - Pitching for Dayton Dragons : LHP Tim Ketcham
|
|
Batting: RHB John Madden
|
0-0: Ball 1-0: Ground out 5-3 (Groundball, 56, EV 79.4 MPH)
|
|
Batting: SHB Alvaro Andrade
|
0-0: Called Strike 0-1: Ball 1-1: Ball 2-1: Called Strike 2-2: Strikes out swinging
|
|
Batting: RHB Jason Ostrom
|
0-0: Ball 1-0: Foul Ball, location: 2F 1-1: Foul Ball, location: 2F 1-2: Foul Ball, location: 2F 1-2: Ball 2-2: Ground out 6-3 (Groundball, 6S, EV 69.4 MPH)
|
| Bottom of the 7th over - 0 runs, 0 hits, 0 errors, 0 left on base; Dayton 9 - South Bend 2 |
| TOP OF THE 8TH |
|
Dayton Dragons batting - Pitching for South Bend Cubs : RHP Devin Ward
|
|
Batting: RHB Frank Moron
|
0-0: Ground out 5-3 (Groundball, 56, EV 88.8 MPH)
|
|
Batting: LHB Nick Nino
|
0-0: Called Strike 0-1: Ball 1-1: Ball 2-1: Ball 3-1: SINGLE (Groundball, 6S, EV 68.8 MPH) (infield hit)
|
|
Batting: LHB Leo Gomez
|
0-0: Ball 1-0: Ball Nick Nino steals 2nd base 2-0: Swinging Strike 2-1: Ball 3-1: Foul Ball, location: 2F 3-2: Fly out, F8 (Line Drive, 8LM, EV 94.4 MPH)
|
|
Batting: SHB Kristian Kristensen
|
0-0: Called Strike 0-1: Fly out, F7 (Line Drive, 7D, EV 89.4 MPH)
|
| Top of the 8th over - 0 runs, 1 hit, 0 errors, 1 left on base; Dayton 9 - South Bend 2 |
| BOTTOM OF THE 8TH |
|
South Bend Cubs batting - Pitching for Dayton Dragons : LHP Tim Ketcham
|
|
Batting: LHB Bill Tardiff
|
0-0: Foul Ball, location: 2F 0-1: Ball 1-1: Foul Ball, location: 2F 1-2: Foul Ball, location: 2F 1-2: SINGLE (Groundball, 4MS, EV 71.9 MPH) (infield hit)
|
|
Batting: RHB Mike Savage
|
0-0: Ball 1-0: Called Strike 1-1: Foul Ball, location: 2F 1-2: Foul Ball, location: 2F 1-2: SINGLE (Groundball, 56, EV 81.3 MPH) (infield hit) Bill Tardiff to second
|
|
Pitching: RHP Joe Green
|
|
|
Batting: LHB Mike DiNardo
|
0-0: Ball 1-0: SINGLE (Flyball, 6D, EV 85.6 MPH) Bill Tardiff to third Mike Savage to second
|
|
Batting: SHB Benoît Morin
|
0-0: Ball 1-0: Called Strike 1-1: Foul Ball, location: 2F 1-2: Foul Ball, location: 2F 1-2: Reached on error, E5 (Groundball, 56S, EV 84.4 MPH) Bill Tardiff scores Mike Savage to third Mike DiNardo to second
|
|
Batting: LHB Jim Polson
|
0-0: Ball 1-0: Ball 2-0: Called Strike 2-1: Fly out, F6 (Popup, 6S, EV 82.5 MPH)
|
|
Batting: RHB Omar Novoa
|
0-0: Foul Ball, location: 2F 0-1: Called Strike 0-2: Ball 1-2: Strikes out swinging
|
|
Batting: LHB Shuan-yan Wu
|
0-0: Foul Ball, location: 2F 0-1: Fly out, F8 (Flyball, 8LD, EV 85.0 MPH)
|
| Bottom of the 8th over - 1 run, 3 hits, 1 error, 3 left on base; Dayton 9 - South Bend 3 |
| TOP OF THE 9TH |
|
Dayton Dragons batting - Pitching for South Bend Cubs : RHP Devin Ward
|
|
Batting: LHB Chris Grunwald
|
0-0: Ball 1-0: Ball 2-0: Foul Ball, location: 2F 2-1: Called Strike 2-2: Strikes out swinging
|
|
Batting: RHB Bruno André
|
0-0: Ball 1-0: Foul Ball, location: 2F 1-1: Ball 2-1: Ball 3-1: Swinging Strike 3-2: Foul Ball, location: 2F 3-2: SINGLE (Groundball, 23, EV 71.9 MPH) (infield hit)
|
|
Batting: RHB Mark Williams
|
0-0: Ball 1-0: Foul Ball, location: 2F 1-1: Ball 2-1: DOUBLE (Line Drive, 89D, EV 99.4 MPH) Bruno André to third
|
|
Pitching: LHP Jose Carrillo
|
|
|
Batting: RHB Ben Hinman
|
0-0: Ball 1-0: Called Strike 1-1: Foul Ball, location: 2F 1-2: Strikes out swinging
|
|
Batting: RHB Pat Grover
|
0-0: Called Strike 0-1: Ball 1-1: Ball 2-1: Foul Ball, location: 2F 2-2: Foul Ball, location: 2F Balk! Bruno André scores Mark Williams to third 2-2: Ball 3-2: SINGLE (Groundball, 56D, EV 106.9 MPH) Mark Williams scores
|
|
Batting: RHB Frank Moron
|
Pickoff Throw to First - Out! 1-3
|
| Top of the 9th over - 2 runs, 3 hits, 0 errors, 0 left on base; Dayton 11 - South Bend 3 |
| BOTTOM OF THE 9TH |
|
South Bend Cubs batting - Pitching for Dayton Dragons : RHP Joe Green
|
|
Batting: SHB Alvaro Andrade
|
0-0: Called Strike 0-1: Ball 1-1: Ball 2-1: Foul Ball, location: 2F 2-2: Ball 3-2: Strikes out looking
|
|
Batting: RHB Jason Ostrom
|
0-0: Ball 1-0: Swinging Strike 1-1: Fly out, F8 (Flyball, 89XD, EV 101.9 MPH)
|
|
Pinch Hitting: LHB Andy Bordeaux
|
0-0: Called Strike 0-1: Ball 1-1: Foul Ball, location: 2F 1-2: Ball 2-2: Ball 3-2: Base on Balls
|
|
Pitching: RHP Adam McCurdy
|
|
|
Batting: RHB Mike Savage
|
0-0: Ball 1-0: Ball 2-0: Ball 3-0: Called Strike 3-1: Base on Balls Andy Bordeaux to second
|
|
Batting: LHB Mike DiNardo
|
0-0: Ball 1-0: Called Strike 1-1: Called Strike 1-2: Ball 2-2: Strikes out swinging
|
| Bottom of the 9th over - 0 runs, 0 hits, 0 errors, 2 left on base; Dayton 11 - South Bend 3 |
|